 Dungeon Crawl Stone Soup version 0.24.1 (webtiles) character file.

Game seed: 1449101558235018884, levelgen mode: deterministic

117080 Peloso the Peltast (level 16, -4/147 HPs)
             Began as a Minotaur Fighter on Mar 26, 2020.
             Was the Champion of Okawaru.
             Killed from afar by a ghostly deep elf death mage (45 damage)
             ... with a bolt of negative energy
             ... on level 1 of the Elven Halls.
             The game lasted 01:11:32 (28683 turns).

Peloso the Peltast (Minotaur Fighter)              Turns: 28683, Time: 01:11:32

Health: -4/147     AC: 28    Str: 25    XL:     16   Next: 22%
Magic:  17/17      EV:  7    Int:  5    God:    Okawaru [******]
Gold:   1196       SH: 12    Dex: 15    Spells: 15/15 levels left

rFire    . . .     SeeInvis +   a - +7 double sword (flame)
rCold    . . .     Gourm    .   M - +1 buckler {reflect}
rNeg     . . .     Faith    +   s - +10 plate armour of Claustrophobia {rPois Dex+2}
rPois    +         Spirit   .   (helmet restricted)
rElec    .         Reflect  +   x - scarf {repulsion}
rCorr    .         Harm     .   (no gloves)
MR       ++...                  C - +1 pair of boots {Stlth+}
Stlth    ..........             r - amulet of faith
HPRegen  0.34/turn              F - ring of protection from magic
MPRegen  0.15/turn              H - ring of see invisible (curse)

@: very heavily drained, repel missiles
A: retaliatory headbutt, horns 2, icy blue scales 1, large bone plates 1,
evolution 1
a: Heroism, Finesse, Renounce Religion


You were on level 1 of the Elven Halls.
You worshipped Okawaru.
Okawaru was exalted by your worship.
You were not hungry.

You visited 6 branches of the dungeon, and saw 25 of its levels.
You visited the Abyss 1 time.
You also visited: Ice Cave.

You collected 2522 gold pieces.
You spent 1326 gold pieces at shops.

Inventory:

Hand Weapons
 a - a +7 double sword of flaming (weapon)
 b - a +1 scimitar of flaming
 t - the +2 scimitar "Rerrei" {slice, *Noise MR+ Dex+3 Stlth+}
   (Okawaru gifted it to you on level 13 of the Dungeon)

   It inflicts extra damage upon your enemies.
   It affects your dexterity (+3).
   It affects your resistance to hostile enchantments.
   It may make noises in combat.
   It makes you more stealthy.
Armour
 c - a +0 shield of protection
 e - a +0 pair of boots
 s - the +10 plate armour of Claustrophobia (worn) {rPois Dex+2}
   (You found it on level 4 of the Dungeon)

   It affects your dexterity (+2).
   It protects you from poison.
 x - a scarf of repulsion (worn)
 C - a +1 pair of boots of stealth (worn)
 D - a +1 cloak
 M - a +1 buckler of reflection (worn)
Jewellery
 k - an uncursed amulet of guardian spirit
 r - an amulet of faith (around neck)
 B - a +4 ring of evasion
 F - a ring of protection from magic (left hand)
 H - a cursed ring of see invisible (right hand)
 I - an uncursed ring of protection from fire {unknown}
 J - a +5 amulet of reflection
Wands
 h - a wand of acid (9)
 p - a wand of scattershot (6)
 w - a wand of digging (6)
 y - a wand of paralysis (8)
 G - a wand of iceblast (11)
 P - a wand of clouds (6)
Scrolls
 g - 12 scrolls of remove curse
 i - 3 scrolls of blinking
 l - 4 scrolls of amnesia
 n - 5 scrolls of teleportation
 o - 5 scrolls of magic mapping
 A - 5 scrolls of identify
 E - a scroll of fear
 Q - a scroll of holy word {unknown}
Potions
 d - 2 potions of might
 j - a potion of flight
 m - 3 potions of curing
 q - 3 potions of haste
 u - 2 potions of heal wounds
 v - a potion of berserk rage
 z - 4 potions of agility
 N - a potion of resistance
 O - a potion of cancellation
Miscellaneous
 K - a lamp of fire
 L - a sack of spiders
Comestibles
 f - 44 rations
 R - a chunk of flesh


   Skills:
 + Level 14.5(9.2) Fighting
 + Level 17.4(11.7) Long Blades
 + Level 14.9(9.5) Armour
 + Level 4.4(0.2) Dodging
 + Level 3.9(0.0) Stealth
 + Level 18.9(13.0) Shields
 + Level 3.9(0.0) Invocations
 + Level 1.6(0.0) Evocations


You had 15 spell levels left.
You didn't know any spells.
Your spell library contained the following spells:

 Spells                   Type           Power        Failure   Level  Hunger
 Flame Tongue             Conj/Fire      #....        99%         1    ##.....
 Magic Dart               Conj           #...         99%         1    ##.....
 Blink                    Tloc           N/A          100%        2    ###....
 Call Imp                 Summ           #.......     100%        2    ###....
 Slow                     Hex            #.......     100%        2    ###....
 Throw Flame              Conj/Fire      #.....       100%        2    ###....
 Conjure Flame            Conj/Fire      #.......     100%        3    ####...
 Inner Flame              Hex/Fire       #.......     100%        3    ####...
 Mephitic Cloud           Conj/Pois/Air  #.......     100%        3    ####...
 Sticky Flame             Conj/Fire      #.......     100%        4    #####..
 Fireball                 Conj/Fire      #.........   100%        5    ######.


Dungeon Overview and Level Annotations

Branches:
Dungeon (15/15)            Temple (1/1) D:6            Lair (4/6) D:10
  Swamp (1/4) Lair:3        Snake (0/4) Lair:2          Orc (2/2) D:12
    Elf (2/3) Orc:2        Vaults (0/5) D:13         Depths (0/5) D:15
  IceCv (visited)

Altars:
Ashenzari
Cheibriados
Dithmenos
Elyvilon
Fedhas
Hepliaklqana
Kikubaaqudgha
Makhleb
Nemelex Xobeh
Okawaru
Qazlal
Ru
Sif Muna
Trog
Uskayaw
Vehumet
Wu Jian
Xom
Yredelemnul
Zin
The Shining One
Beogh

Shops:
D:4 !   D:6 ?   D:7 }*%   D:12 *   Orc:2 :[(*   Elf:1 %*%[

Annotations:
Lair:2 1 runed translucent door, karf's ghost, journeyman DEAE


Innate Abilities, Weirdness & Mutations

You reflexively headbutt those who attack you in melee.
You have a pair of horns on your head.
You are partially covered in icy blue scales. (AC +2)
You are partially covered in large bone plates. (SH +4)
You evolve.


Message History

Unknown command.
You slice the large abomination!! You burn the large abomination.
You destroy the large abomination!
Okawaru accepts your kill.
Unknown command.
You slice the deep elf death mage like a ripe choko!!!
You burn the deep elf death mage! You headbutt the deep elf death mage.
The deep elf death mage is almost dead.
The deep elf death mage beckons forth a restless soul!
You slash the deep elf death mage! You burn the deep elf death mage.
The lost soul assumes the form of the deep elf death mage and becomes anchored to this world!
A deep elf mage comes into view. It is wielding a +0 long sword.
The ghostly deep elf death mage hits you with a +0 long sword!
* * * LOW HITPOINT WARNING * * *
You slice the ghostly deep elf death mage!!
You burn the ghostly deep elf death mage!
The ghostly deep elf death mage is heavily damaged.
The ghostly deep elf death mage points at you and mumbles some strange words.
The bolt of negative energy hits you!!!
You feel drained.
You die...

#.. #. #. #. #.
#########
...###.
#...#..:#
.......
###..^eZ..# ###
###....@####
##.
#.'.........#
#..
#)#........e'.#
##..
#)#.⌠.....#####
###...
#.#......## ###
#..^..
#.###########.#
#.....
#.########....#
###...
#......[......#
##..
##########.†..#
#..


You could see a ghostly deep elf death mage, a deep elf mage and an elf zombie.

Vanquished Creatures
  Kirke (D:15)
  A fire giant (D:15)
  Aizul (Swamp:1)
  An orc warlord (Orc:2)
  A stone giant (D:12)
  2 very ugly things (IceCv)
  A deep elf demonologist (Elf:1)
  Azrael (D:15)
  2 deep elf annihilators (Elf:1)
  Snorg (Orc:1)
  A deep elf death mage (Elf:1)
  The ghost of Fomneli the Carver, a journeyman DrBe of Trog (D:10)
  8 vault guards
  Erolcha (D:9)
  9 hydras
  4 alligators (Swamp:1)
  A catoblepas (shapeshifter) (Elf:1)
  3 death yaks (D:10)
  2 two-headed ogres
  8 dancing weapons
  2 tengu warriors (D:13)
  A death knight (D:9)
  2 orc high priests
  A spriggan (Swamp:1)
  6 deep elf knights
  Nergalle (D:11)
  5 skeletal warriors (D:15)
  3 large abominations
  Pikel (D:7)
  A harpy (shapeshifter) (D:11)
  5 deep elf archers
  4 orc knights (Orc:2)
  27 deep elf magi
  3 cyclopes
  An oklob plant (Lair:4)
  3 manticores
  12 ugly things
  3 orc sorcerers
  Maurice (D:11)
  A centaur zombie (D:15)
  2 black mambas (Lair:1)
  3 centaur skeletons
  A gargoyle (D:14)
  7 ice statues
  10 spiny frogs
  An efreet (D:12)
  A kobold demonologist (D:13)
  A yaktaur (D:15)
  5 komodo dragons
  2 anaconda simulacra (IceCv)
  An ancient zyme (Abyss:1)
  3 meliai (D:15)
  A tengu conjurer (D:13)
  3 tyrant leeches (Swamp:1)
  Prince Ribbit (D:7)
  A queen bee (Lair:2)
  6 trolls
  10 hippogriffs
  11 slime creatures
  2 hornets
  2 bog bodies (Swamp:1)
  5 blink frogs (Lair:1)
  3 dire elephant simulacra (IceCv)
  An air elemental (Elf:2)
  A water elemental (Elf:1)
  3 wraiths
  2 wyverns
  4 vampires
  25 yaks
  2 hogs (D:15)
  16 vampire mosquitoes
  3 hungry ghosts
  7 fire elementals
  2 basilisks
  A warg (Orc:2)
  2 swamp worms (Swamp:1)
  An acid dragon (D:14)
  2 iron troll simulacra (IceCv)
  2 hydra simulacra (IceCv)
  16 water moccasins
  6 porcupines
  3 hell hounds (D:15)
  3 soldier ants
  2 sky beasts
  An eye of draining (D:12)
  12 ice beasts
  4 phantoms
  27 orc warriors
  7 ogres
  21 centaurs
  4 crocodiles
  2 elf zombies (Elf:1)
  15 bullfrogs
  A wyvern zombie (D:13)
  An earth elemental (Elf:1)
  A wyvern skeleton (D:13)
  6 scorpions
  23 killer bees (Lair:2)
  13 wights
  5 howler monkeys
  2 electric eels
  6 crimson imps
  7 hounds
  7 jellies
  8 bullfrog skeletons
  17 orc priests
  A gnoll shaman (Orc:2)
  29 orc wizards
  3 hell rats (D:10)
  5 iguanas
  10 worker ants
  2 hound skeletons
  4 worker ant zombies
  13 gnolls
  A river rat (D:10)
  14 adders
  5 shadow imps
  5 oozes (D:8)
  An adder skeleton (D:9)
  4 worms
  3 dart slugs
  6 leopard geckos
  69 orcs
  2 ball pythons
  5 giant cockroaches
  6 goblins
  5 hobgoblins
  12 jackals
  12 kobolds
  7 quokkas
  4 bats
  5 frilled lizards
  A quokka zombie (D:8)
  3 rats
746 creatures vanquished.

Vanquished Creatures (others)
  2 slaves (D:7)
  A swamp drake (Swamp:1)
  A bullfrog skeleton (D:7)
  An orc priest (D:7)
  An adder (D:7)
  4 orcs
  A fungus (Lair:3)
  8 plants
19 creatures vanquished.

Grand Total: 765 creatures vanquished

Notes
Turn   | Place    | Note
-------+----------+-------------------------------------------
     0 | D:1      | Peloso the Minotaur Fighter began the quest for the Orb.
     0 | D:1      | Reached XP level 1. HP: 19/19 MP: 0/0
   180 | D:1      | Reached XP level 2. HP: 27/27 MP: 1/1
   986 | D:2      | Reached XP level 3. HP: 24/33 MP: 2/2
  1001 | D:2      | Reached skill level 4 in Shields
  1059 | D:2      | Gained mutation: You are robust. (+10% HP) [potion of
                  | mutation]
  1059 | D:2      | Gained mutation: You are agile. (Dex +2) [potion of
                  | mutation]
  1483 | D:3      | Reached XP level 4. HP: 35/45 MP: 3/3
  2230 | D:4      | Reached XP level 5. HP: 44/51 MP: 4/4
  2321 | D:4      | Reached skill level 1 in Dodging
  2632 | D:4      | Reached skill level 5 in Armour
  2632 | D:4      | Reached XP level 6. HP: 53/60 MP: 5/5
  2654 | D:4      | Got an ichor-stained plate armour
  2665 | D:4      | Identified the +10 plate armour of Claustrophobia {rPois
                  | Dex+2} (You found it on level 4 of the Dungeon)
  2704 | D:4      | Reached skill level 5 in Fighting
  2704 | D:4      | Reached skill level 5 in Long Blades
  2961 | D:4      | Found Ifrah's Distillery.
  2973 | D:4      | Bought a potion of heal wounds for 65 gold pieces
  2973 | D:4      | Bought a potion of berserk rage for 65 gold pieces
  2973 | D:4      | Bought 2 potions of degeneration for 26 gold pieces
  3293 | D:5      | Entered Level 5 of the Dungeon
  3318 | D:5      | Reached skill level 5 in Shields
  3495 | D:5      | Reached XP level 7. HP: 67/67 MP: 6/6
  3984 | D:6      | Found Yttof's Magic Scroll Shoppe.
  3992 | D:6      | Bought a scroll of teleportation for 36 gold pieces
  3992 | D:6      | Bought a scroll of remove curse for 36 gold pieces
  4051 | D:6      | Reached skill level 6 in Shields
  4430 | D:6      | Found a staircase to the Ecumenical Temple.
  4450 | Temple   | Entered the Ecumenical Temple
  4482 | Temple   | Became a worshipper of Warmaster Okawaru
  4595 | D:6      | Found a shadowy altar of Dithmenos.
  4693 | D:6      | Reached XP level 8. HP: 77/77 MP: 7/7
  4928 | D:7      | Found Jitsiuli's Food Emporium.
  4946 | D:7      | Reached skill level 7 in Shields
  5054 | D:7      | Reached * piety under Okawaru
  5085 | D:7      | Noticed Pikel
  5107 | D:7      | Killed Pikel
  5107 | D:7      | Reached ** piety under Okawaru
  5107 | D:7      | Reached skill level 8 in Shields
  5150 | D:7      | Reached XP level 9. HP: 56/82 MP: 8/8
  5162 | D:7      | Found Wodiargh's Gadget Emporium.
  5363 | D:7      | Found Yleets's General Store.
  5387 | D:7      | Noticed Prince Ribbit
  5400 | D:7      | Killed Prince Ribbit
  5400 | D:7      | Reached skill level 9 in Shields
  5497 | D:7      | Reached *** piety under Okawaru
  6952 | D:9      | Reached skill level 10 in Long Blades
  6971 | D:9      | Reached **** piety under Okawaru
  6997 | D:9      | Reached skill level 10 in Shields
  7020 | D:9      | Reached XP level 10. HP: 58/94 MP: 9/9
  7128 | D:9      | Noticed a two-headed ogre
  7130 | D:9      | Identified the +1 leather armour of the Mantidfly {*Contam
                  | rC+ rN++ Str-4}
  7142 | D:9      | Killed a two-headed ogre
  7152 | D:9      | Reached ***** piety under Okawaru
  7155 | D:9      | Noticed Erolcha
  7171 | D:9      | Cast into level 1 of the Abyss (Erolcha)
  7206 | Abyss:1  | Noticed a large abomination
  7219 | Abyss:1  | Killed a large abomination
  7248 | Abyss:1  | Found an ancient bone altar of Kikubaaqudgha.
  7338 | D:9      | Escaped the Abyss
  7347 | D:9      | Killed Erolcha
  7347 | D:9      | Received a gift from Okawaru
  7720 | D:9      | Noticed a death knight
  7727 | D:9      | Noticed a seven-headed hydra
  8061 | D:10     | Entered Level 10 of the Dungeon
  8072 | D:10     | Reached skill level 11 in Shields
  8072 | D:10     | Reached skill level 1 in Invocations
  8184 | D:10     | Found a runed translucent door.
  8184 | D:10     | Found a shimmering altar of Xom.
  8184 | D:10     | Noticed Fomneli's ghost (journeyman DrBe)
  8186 | D:10     | Noticed a +1 morningstar of chaos
  8244 | D:10     | Found a staircase to the Lair.
  8246 | D:10     | Noticed a death yak
  8246 | D:10     | Noticed a death yak
  8248 | D:10     | Noticed a death yak
  8268 | D:10     | Killed a death yak
  8268 | D:10     | Reached XP level 11. HP: 75/104 MP: 8/11
  8297 | D:10     | Killed a death yak
  8332 | D:10     | Killed a death yak
  8616 | D:10     | Got a shimmering ring mail
  8890 | D:11     | Noticed Maurice
  8893 | D:11     | Noticed a white ugly thing
  8902 | D:11     | Killed Maurice
  8913 | D:11     | Killed a white ugly thing
  8913 | D:11     | Reached skill level 1 in Stealth
  9283 | D:11     | Noticed a two-headed ogre
  9297 | D:11     | Killed a two-headed ogre
  9297 | D:11     | Reached skill level 10 in Armour
  9422 | D:11     | Received a gift from Okawaru
  9435 | D:11     | Reached skill level 1 in Evocations
  9483 | D:11     | Reached ****** piety under Okawaru
  9804 | D:11     | Noticed a harpy
  9817 | D:11     | Killed a harpy
  9888 | D:11     | Noticed Nergalle
  9897 | D:11     | Noticed a spectral orc warlord
  9909 | D:11     | Killed Nergalle
  9909 | D:11     | Received a gift from Okawaru
 10168 | D:12     | Reached skill level 12 in Shields
 10185 | D:12     | Found Doecvuv's Blood Bar.
 10558 | D:12     | Reached XP level 12. HP: 103/115 MP: 12/12
 11067 | D:12     | Received a gift from Okawaru
 11070 | D:12     | Got a polished scale mail {god gift}
 11453 | D:12     | Found a staircase to the Orcish Mines.
 11794 | D:9      | Killed a death knight
 11920 | D:9      | Killed a three-headed hydra
 11920 | D:9      | Reached skill level 10 in Fighting
 11920 | D:9      | Reached skill level 13 in Shields
 12033 | Lair:1   | Entered Level 1 of the Lair of Beasts
 12630 | Lair:1   | Noticed a four-headed hydra
 12651 | Lair:1   | Killed a one-headed hydra
 13179 | Lair:1   | Identified the +5 scale mail of Okawaru's Regard {Int+3}
                  | (Okawaru gifted it to you on level 12 of the Dungeon)
 13191 | Lair:1   | Identified the +4 ring mail of Poor Excuses {rF+} (You
                  | found it on level 10 of the Dungeon)
 13444 | Lair:2   | Found a staircase to the Snake Pit.
 13638 | Lair:2   | Received a gift from Okawaru
 13638 | Lair:2   | Reached skill level 14 in Shields
 13646 | Lair:2   | Reached XP level 13. HP: 99/125 MP: 13/13
 13686 | Lair:2   | Got a crude great sword {god gift}
 13759 | Lair:2   | Found a runed translucent door.
 13759 | Lair:2   | Noticed karf's ghost (journeyman DEAE)
 13764 | Lair:2   | Identified the +3 trident "Killer Bee's Regret" {drain,
                  | Fragile rPois rF+ Str+2 Stlth+}
 14633 | Lair:3   | Found a staircase to the Swamp.
 14670 | Lair:3   | Received a gift from Okawaru
 15084 | Lair:4   | Found a burning altar of Makhleb.
 15959 | D:13     | Reached skill level 15 in Shields
 16038 | D:12     | Reached skill level 15 in Long Blades
 16125 | D:13     | Identified the +4 great sword of Ruination {elec, Dex+2}
                  | (Okawaru gifted it to you on level 2 of the Lair of Beasts)
 16193 | D:13     | Identified the +5 ring mail of Mezcal {rPois rC++ Str-4
                  | Slay+2}
 16197 | D:13     | Received a gift from Okawaru
 16246 | D:13     | Got a brightly glowing scimitar {god gift}
 16247 | D:13     | Identified the +2 scimitar "Rerrei" {slice, *Noise MR+
                  | Dex+3 Stlth+} (Okawaru gifted it to you on level 13 of the
                  | Dungeon)
 16470 | D:13     | Found a gate to the Vaults.
 16591 | D:13     | Received a gift from Okawaru
 16699 | Orc:1    | Entered Level 1 of the Orcish Mines
 16699 | Orc:1    | Noticed a stone giant
 17134 | D:12     | Killed a stone giant
 17351 | Orc:1    | Noticed Snorg
 17361 | Orc:1    | Killed Snorg
 17476 | Orc:2    | Entered Level 2 of the Orcish Mines
 17476 | Orc:2    | Found a staircase to the Elven Halls.
 17529 | Orc:2    | Reached XP level 14. HP: 135/137 MP: 15/15
 18093 | D:6      | Bought a scroll of acquirement for 624 gold pieces
 18093 | D:6      | Bought a scroll of enchant weapon for 90 gold pieces
 18093 | D:6      | Bought a scroll of blinking for 90 gold pieces
 18323 | D:10     | Killed Fomneli's ghost
 18556 | Orc:2    | Reached skill level 16 in Shields
 18796 | Orc:2    | Found a bloodstained altar of Trog.
 18891 | Orc:2    | Found a bloodstained altar of Trog.
 18936 | Orc:2    | Gained mutation: Your body sometimes deteriorates upon
                  | taking damage. [a neqoxec]
 18976 | Orc:2    | Noticed an orc warlord
 19007 | Orc:2    | Killed an orc warlord
 19014 | Orc:2    | Found a roughly hewn altar of Beogh.
 19060 | Orc:2    | Found Efypsac's Antique Weapon Shoppe.
 19067 | Orc:2    | Found Izytzy's General Store.
 19251 | Orc:2    | Found Baqutere's Antique Armour Shoppe.
 19261 | Orc:2    | Bought a smoking chain mail for 294 gold pieces
 19273 | Orc:2    | Identified the +8 chain mail of the Burgomaster {*Drain
                  | +Inv +Fly Slay-4} (You bought it in a shop on level 2 of
                  | the Orcish Mines)
 19397 | Orc:2    | Found Viag's Book Shoppe.
 20122 | Lair:1   | Lost mutation: You are robust. (+10% HP) [potion of
                  | mutation]
 20122 | Lair:1   | Lost mutation: Your body sometimes deteriorates upon taking
                  | damage. [potion of mutation]
 20122 | Lair:1   | Lost mutation: You are agile. (Dex +2) [potion of mutation]
 20122 | Lair:1   | Gained mutation: You are dopey. (Int -2) [potion of
                  | mutation]
 20122 | Lair:1   | Gained mutation: You evolve. [potion of mutation]
 20123 | Lair:1   | Lost mutation: You are dopey. (Int -2) [potion of mutation]
 20123 | Lair:1   | Gained mutation: Your system is resistant to poisons.
                  | (rPois) [potion of mutation]
 20123 | Lair:1   | Gained mutation: Armour fits poorly on your strangely
                  | shaped body. [potion of mutation]
 20123 | Lair:1   | Gained mutation: You rapidly evolve. [potion of mutation]
 20124 | Lair:1   | Lost mutation: Armour fits poorly on your strangely shaped
                  | body. [potion of mutation]
 20124 | Lair:1   | Lost mutation: Your system is resistant to poisons. (rPois)
                  | [potion of mutation]
 20124 | Lair:1   | Gained mutation: Your body sometimes deteriorates upon
                  | taking damage. [potion of mutation]
 20124 | Lair:1   | Gained mutation: You are partially covered in large bone
                  | plates. (SH +4) [potion of mutation]
 20125 | Lair:1   | Lost mutation: You rapidly evolve. [potion of mutation]
 20125 | Lair:1   | Lost mutation: Your body sometimes deteriorates upon taking
                  | damage. [potion of mutation]
 20125 | Lair:1   | Gained mutation: You are agile. (Dex +2) [potion of
                  | mutation]
 20125 | Lair:1   | Gained mutation: You are partially covered in icy blue
                  | scales. (AC +2) [potion of mutation]
 20489 | D:14     | Found a sparkling altar of Nemelex Xobeh.
 20587 | D:14     | Lost mutation: You are agile. (Dex +2) [evolution]
 20759 | D:14     | Received a gift from Okawaru
 21180 | D:15     | Entered Level 15 of the Dungeon
 21223 | D:15     | Noticed Azrael
 21263 | D:15     | Killed Azrael
 21720 | D:15     | Found a staircase to the Depths.
 21720 | D:15     | Noticed a fire giant
 21731 | D:15     | Killed a fire giant
 21991 | D:15     | Reached skill level 17 in Shields
 22278 | D:15     | Noticed Kirke
 22287 | D:15     | Noticed a sphinx
 22414 | D:15     | Received a gift from Okawaru
 22576 | D:15     | Found a shimmering altar of Xom.
 22691 | D:15     | Killed Kirke
 22691 | D:15     | Reached XP level 15. HP: 127/135 MP: 16/16
 22966 | Swamp:1  | Entered Level 1 of the Swamp
 23011 | Swamp:1  | Found a frozen archway.
 23015 | Swamp:1  | Noticed Aizul
 23040 | Swamp:1  | Killed Aizul
 23044 | IceCv    | Entered an ice cave
 24310 | IceCv    | Gained mutation: Your magical capacity is low. (-10% MP)
                  | [evolution]
 24673 | IceCv    | Received a gift from Okawaru
 25215 | Swamp:1  | Reached skill level 18 in Shields
 25847 | Swamp:1  | Got a dazzling buckler
 25868 | Swamp:1  | Identified the +3 buckler of Impressiveness {rC+++ MR-
                  | rCorr Dex-3} (You found it on level 1 of the Swamp)
 26398 | Elf:1    | Entered Level 1 of the Elven Halls
 26879 | Elf:1    | Received a gift from Okawaru
 27224 | Elf:1    | You fall into a shaft and drop 1 floor!
 27308 | Elf:1    | Found Zorghump's Assorted Antiques.
 27397 | Elf:1    | Received a gift from Okawaru
 27404 | Elf:1    | Lost mutation: Your magical capacity is low. (-10% MP)
                  | [evolution]
 27905 | Elf:1    | Reached XP level 16. HP: 139/146 MP: 17/17
 27913 | Elf:1    | Found Lebas's Food Emporium.
 27923 | Elf:1    | Found Xoubug's Food Emporium.
 27953 | Elf:1    | Found Wyozuste's Armour Emporium.
 28001 | Elf:1    | HP: 7/147 [+2 trident of piercing (1)]
 28545 | Elf:1    | Received a gift from Okawaru
 28683 | Elf:1    | Killed from afar by a ghostly deep elf death mage

Levels and vault maps discovered:
D:1:      lightli_arrival_quake, layout_loops_ring, serial_bayou_lake_a
D:2:      minmay_alternating_diamond, layout_rooms, first_ration,
          kennysheep_generic_room_16
D:3:      corexii_shack_village, layout_basic
D:4:      layout_cave_pods, serial_shops, shop
D:5:      layout_basic, kennysheep_generic_room_3
D:6:      cheibrodos_helix_gallery, layout_loops_ring, kennysheep_mini_moat,
          minmay_temple_entry_glassed_door, serial_shops, shop
D:7:      layout_loops_corners, serial_shops, shop, shop, shop, uniq_pikel,
          uniq_prince_ribbit1
D:8:      layout_loops_ring, hangedman_little_slice_of_home,
          grunt_ministairs_13, kennysheep_small_spiral
D:9:      minmay_bloctagon_deflated, layout_basic, minmay_radiant, uniq_erolcha
D:10:     layout_rooms, dpeg_lair_monsters, ebering_ghost_xom
D:11:     layout_irregular_city, uniq_maurice, uniq_nergalle
D:12:     layout_irregular_city, david_orc_4, guppyfry_shop_blood
D:13:     layout_basic, erik_vaults_2, chequers_serial_rivers_room_b
D:14:     layout_loops_corners, serial_rivers, chequers_serial_rivers_micro_a,
          chequers_serial_rivers_room_b, chequers_serial_rivers_micro_e,
          chequers_serial_rivers_micro_b, nemelex_diamond_rough_becter
D:15:     grunt_enter_depths_giant_problem, layout_loops_ring,
          nicolae_two_hexagons, xom_teletrap_fun, uniq_azrael, uniq_kirke
Temple:   dpeg_three_leaves_temple
Lair:1:   layout_cave_pods, st_stairs_11, grunt_forest_stairs_basic,
          serial_bayou_shore_a, grunt_megastairs_4, lemuel_fruit_fields
Lair:2:   layout_loops_ring, minmay_snake_entry_six_corridors, special_room
          [special_room_bee], ebering_ghost_funeral_grove, minivault_11
Lair:3:   layout_regular_city, swamp_mist, st_stairs_11
Lair:4:   layout_cave_pods, lemuel_oklob_altar, infiniplex_staircase_pool,
          lemuel_fruit_fields
Swamp:1:  layout_basic_swamp, portal_ice_cave_entry_ice_statue_two,
          nicolae_swamp_rocky_clearing, uniq_aizul
Orc:1:    layout_diamond_mine, uniq_snorg
Orc:2:    grunt_orc_cross, layout_caves, basic_altar, trog_book
Elf:1:    minmay_elf_arrival_summoners, layout_rooms, serial_shops, shop,
          nicolae_shop_trees, shop, shop, shop_fountains, minmay_elf_necromancy,
          drop_trap, minmay_shop_grove
Elf:2:    layout_geoelf_grid, serial_sigils_hangedman_stare

Skill      XL: |  1  2  3  4  5  6  7  8  9 10 11 12 13 14 15 |
---------------+----------------------------------------------+-----
Armour         | 4 5 6 7 8 9 10 11 13 14 | 14.9
Fighting       | 4 5 6 7 8 9 10 11 13 14 | 14.5
Shields        | 4 5 6 8 10 11 12 14 15 17 18 | 18.9
Long Blades    | 3 4 5 7 8 10 12 13 14 15 16 17 | 17.4
Dodging        | 1 2 3 4 |  4.4
Invocations    | 1 2 3 |  3.9
Stealth        | 2 3 |  3.9
Evocations     | 1 |  1.6

Action                   |  1- 3 |  4- 6 |  7- 9 | 10-12 | 13-15 | 16-18 || total
-------------------------+-------+-------+-------+-------+-------+-------++-------
Melee: Long sword        |    82 |   143 |   143 |       |       |       ||   368
       Headbutt          |    11 |    37 |   113 |   312 |   375 |    28 ||   876
       Falchion          |       |       |   260 |   676 |       |       ||   936
       Scimitar          |       |       |       |   332 |   701 |       ||  1033
       Double sword      |       |       |       |       |   661 |   124 ||   785
Invok: Heroism           |       |       |       |    15 |    25 |       ||    40
       Finesse           |       |       |       |       |     1 |       ||     1
Evoke: Wand              |       |       |       |    10 |       |       ||    10
  Use: Potion            |     5 |     2 |       |     3 |     9 |     2 ||    21
       Scroll            |       |       |     7 |    11 |    17 |       ||    35
 Stab: Paralysed         |       |       |       |     8 |       |       ||     8
       Confused          |       |       |       |       |     1 |       ||     1
       Petrified         |       |       |       |       |       |     1 ||     1
  Eat: Chunk             |     1 |     8 |    10 |    21 |    32 |       ||    72
       Ration            |       |       |       |     1 |     4 |     1 ||     6
Armor: Scale mail        |    48 |    30 |       |       |       |       ||    78
       Plate armour      |       |    37 |   195 |   478 |   582 |    92 ||  1384
Dodge: Dodged            |    26 |    45 |    58 |   284 |   370 |    36 ||   819
       Deflected         |       |       |       |       |    28 |     4 ||    32
Block: Shield            |    43 |    83 |   225 |   400 |   852 |       ||  1603
       Buckler           |       |       |       |   118 |    89 |    60 ||   267
       Reflection        |       |       |       |     3 |     5 |     5 ||    13
       Rpst.: Long sword |    10 |    12 |     6 |       |       |       ||    28
       Falchion          |       |       |     7 |    47 |       |       ||    54
       Scimitar          |       |       |       |    26 |    37 |       ||    63
       Double sword      |       |       |       |       |    45 |     6 ||    51
